 Dungeon Crawl Stone Soup version 0.28.0-47-ge53b351184 (webtiles) character file.

Game seed: 7846023972248998797

52920 pkoi the Destroyer (level 13, -1/102 HPs)
             Began as a Demigod Conjurer on May 11, 2022.
             Slain by a six-headed hydra (3 damage)
             ... on level 1 of the Swamp.
             The game lasted 01:03:09 (42031 turns).

pkoi the Destroyer (Demigod Conjurer)              Turns: 42031, Time: 01:03:09

Health: -1/102     AC:  9    Str:  3    XL:     13   Next: 96%
Magic:  19/31      EV: 14    Int: 41    God:
Gold:   1215       SH:  0    Dex: 12    Spells: 4/31 levels left

rFire   . . .      SeeInvis .   d - +3 short sword (venom)
rCold   . . .      Faith    .   (no shield)
rNeg    + . .      Spirit   .   J - +1 robe "Xoogem Lania" {rN+ Str-5 Int+5}
rPois   +          Reflect  .   (no helmet)
rElec   .          Harm     .   w - +1 cloak {Stlth+}
rCorr   .          Rampage  .   (no gloves)
Will    +....                   (no boots)
Stlth   +++.......              (no amulet)
HPRegen 0.27/turn               G - ring of poison resistance
MPRegen 0.22/turn               y - +4 ring of protection

@: no status effects
A: high MP 1, forlorn, divine attributes
a: no special abilities


You were on level 1 of the Swamp.
You visited 3 branches of the dungeon, and saw 18 of its levels.
You also visited: Sewer.

You collected 1604 gold pieces.
You spent 389 gold pieces at shops.

Inventory:

Hand Weapons
 b - a +0 hand axe
 d - a +3 short sword of venom (weapon)
 s - a +6 vorpal short sword
Missiles
 g - 6 curare-tipped darts
 P - 6 boomerangs of dispersal
 R - 5 throwing nets
Armour
 a - a +0 robe
 e - a +1 leather armour of fire resistance
 w - a +1 cloak of stealth (worn)
 J - the +1 robe "Xoogem Lania" (worn) {rN+ Str-5 Int+5}
   (You found it on level 6 of the Lair of Beasts)

   Str:       It affects your strength (-5).
   Int:       It affects your intelligence (+5).
   rN:        It protects you from negative energy.
Magical Staves
 D - a staff of air
Jewellery
 f - a +6 ring of dexterity
 j - a ring of willpower
 y - a +4 ring of protection (right hand)
 z - a ring of protection from fire
 B - a ring of see invisible
 G - a ring of poison resistance (left hand)
Wands
 m - a wand of acid (14)
 p - a wand of charming (9)
 u - a wand of iceblast (10)
 I - a wand of paralysis (16)
 K - a wand of polymorph (4)
 L - a wand of flame (9)
 M - a wand of mindburst (9)
Scrolls
 h - 7 scrolls of enchant weapon
 i - 6 scrolls of identify
 q - 3 scrolls of fear
 r - 4 scrolls of amnesia
 t - 6 scrolls of fog
 x - 4 scrolls of magic mapping
 C - 2 scrolls of enchant armour
 E - 2 scrolls of summoning
 F - 7 scrolls of teleportation
Potions
 c - a potion of lignification
 k - 2 potions of magic
 l - 12 potions of curing
 n - 3 potions of cancellation
 o - 4 potions of heal wounds
 v - 2 potions of brilliance
 A - a potion of flight
 H - 2 potions of resistance
 N - 2 potions of ambrosia
 O - a potion of might
 Q - a potion of berserk rage
 S - a potion of degeneration {unknown}
 T - a potion of haste


   Skills:
 + Level 6.2 Fighting
 + Level 6.2 Armour
 + Level 6.4 Dodging
 - Level 3.0 Stealth
 * Level 9.7 Spellcasting
 - Level 13.0 Conjurations
 - Level 6.0 Hexes
 - Level 4.0 Translocations
 + Level 5.9 Fire Magic
 - Level 6.0 Air Magic
 + Level 6.2 Evocations


You had 4 spell levels left.
You knew the following spells:

 Your Spells              Type           Power      Damage    Failure   Level
a - Magic Dart            Conj           100%       1d8       0%          1
b - Searing Ray           Conj           100%       2d8       0%          2
c - Iskenderun's Mystic   Conj/Tloc      74%        2d15      1%          4
d - Fulminant Prism       Conj/Hex       39%        3d18      1%          4
e - Lightning Bolt        Conj/Air       39%        1d57      1%          5
f - Fireball              Conj/Fire      39%        3d16      1%          5
g - Starburst             Conj/Fire      39%        6d11      5%          6

Your spell library contained the following spells:

 Spells                   Type           Power      Damage    Failure   Level
 Shock                    Conj/Air       100%       1d9       1%          1
 Slow                     Hex            100%       N/A       1%          1
 Ensorcelled Hibernation  Hex/Ice        88%        N/A       1%          2
 Confusing Touch          Hex            62%        N/A       1%          3
 Conjure Flame            Conj/Fire      78%        6-21      1%          3
 Dazzling Flash           Conj/Hex       100%       N/A       1%          3
 Summon Guardian Golem    Hex/Summ       44%        N/A       1%          3
 Swiftness                Air            62%        N/A       1%          3
 Airstrike                Air            31%        N/A       1%          4
 Sticky Flame             Conj/Fire      78%        2d9       1%          4
 Passwall                 Tmut/Erth      15%        N/A       2%          2
 Ignite Poison            Fire/Tmut/Pois 36%        N/A       2%          3
 Vampiric Draining        Necr           19%        2d7       4%          3
 Summon Lightning Spire   Summ/Air       44%        N/A       4%          4
 Orb of Destruction       Conj           45%        9d12      7%          7
 Spellforged Servitor     Conj/Summ      32%        N/A       69%         7
 Ignition                 Fire           31%        3d10      100%        8


Dungeon Overview and Level Annotations

Branches:
Dungeon (11/15)            Temple (0/1) D:6            Lair (6/6) D:9
  Swamp (1/4) Lair:4       Spider (0/4) Lair:3        Slime (0/5) Lair:6
    Orc (0/2) D:11          Sewer (visited)

Shops:
D:7 ![

Portals:
Abyss: D:3

Annotations:
Lair:4 2 transporters, KittyFluff's ghost, journeyman GrBe
Lair:5 3 runed translucent doors, KittyFluff's ghost, journeyman GrBe
Lair:6 2 runed translucent doors, Jipob's ghost, adept MiBe


Innate Abilities, Weirdness & Mutations

You have an increased reservoir of magic. (+10% MP)
You shall have no god before yourself.
Your divine heritage dramatically boosts your attributes as you level up.


Message History

The six-headed hydra is heavily wounded.
You smell burning wood.
The bolt of fire hits the alligator!!!
The alligator is heavily wounded.
You smell burning wood.
You hear a shout!
The alligator bites you.
* * * LOW HITPOINT WARNING * * *
The alligator tail-slaps you.
* * * LOW HITPOINT WARNING * * *
The six-headed hydra barely misses you. The six-headed hydra bites you!
* * * LOW HITPOINT WARNING * * *
The six-headed hydra bites you but does no damage.
The six-headed hydra bites you.
* * * LOW HITPOINT WARNING * * *
The six-headed hydra bites you!
* * * LOW HITPOINT WARNING * * *
The six-headed hydra bites you.
* * * LOW HITPOINT WARNING * * *
Unknown command.
Unknown command.
Casting: Starburst (dangerous; 5% risk of failure)
Confirm with . or Enter, or press ? or * to list all spells.
Casting: Starburst (dangerous; 5% risk of failure)
Press: ? - help, Dir - look around, f - activate The bolt of fire hits the alligator!!
You kill the alligator!
The bolt of fire hits the six-headed hydra!!
The six-headed hydra is almost dead.
The swamp drake breathes poison at you.
The noxious blast engulfs you but does no damage.
You resist. The six-headed hydra bites you.
* * * LOW HITPOINT WARNING * * *
The six-headed hydra bites you!
* * * LOW HITPOINT WARNING * * *
The six-headed hydra bites you.
* * * LOW HITPOINT WARNING * * *
The six-headed hydra barely misses you. The six-headed hydra bites you!
* * * LOW HITPOINT WARNING * * *
The six-headed hydra bites you.
You die...

..≈.≈.≈≈≈≈
..........
≈≈..≈....♣♣♣♣♣♣♣
≈..≈§..≈≈≈..♣≈≈.
≈≈.≈≈≈≈≈≈≈≈≈.≈..
.≈≈..§≈≈§≈≈§...≈
..≈.≈≈§○§≈§≈≈..≈
.≈≈≈≈§○○D○○≈≈..≈
.≈≈≈≈§§○@§§≈≈≈≈.
♣≈..§≈○§○○≈k≈≈≈.
♣.♣≈≈≈§≈§≈§≈≈.≈.
♣ ♣..≈≈≈§≈≈§..≈.
♣♣.≈≈≈≈≈§≈..≈.
♣♣...≈.≈.♣♣.♣
♣♣♣♣♣♣♣♣♣ ♣


You could see a six-headed hydra and a swamp drake (catching breath).

Vanquished Creatures
  A fire dragon (Lair:6)
  Josephine (Lair:5)
  8 hydras
  Harold (D:11)
  A catoblepas (Lair:6)
  2 alligators
  5 death yaks
  2 two-headed ogres
  Sonja (D:11)
  A swamp dragon (Lair:6)
  2 bog bodies (Lair:4)
  Pikel (D:8)
  7 lindwurms
  3 oklob plants (Lair:6)
  A manticore (D:11)
  2 cyclopes
  Maurice (D:9)
  3 black mambas
  5 torpor snails (Lair:6)
  A gargoyle (D:10)
  13 cane toads
  5 rime drakes
  8 komodo dragons
  3 tyrant leeches (Lair:6)
  2 trolls (D:10)
  2 polar bears
  6 hornets (Lair:6)
  20 blink frogs
  A meliai zombie (D:10)
  4 culicivoras (Lair:3)
  5 wraiths
  A vampire (D:10)
  The ghost of Iusername the Skirmisher, an amateur MiFi (D:3)
  22 yaks
  Grum (D:9)
  4 basilisks
  6 steam dragons
  14 wyverns
  An acid dragon (Lair:6)
  12 water moccasins
  A hell hound (Lair:6)
  7 orc warriors
  2 sky beasts
  2 necrophages (D:4)
  2 black bears (D:5)
  2 ice beasts
  2 ogres
  13 wolves
  3 lemures (D:8)
  3 phantoms
  A kobold brigand (D:7)
  7 bullfrogs
  5 scorpions
  2 wyvern zombies
  A gnoll sergeant (D:10)
  3 small abominations (D:3)
  A wyvern skeleton (D:6)
  A water moccasin zombie (D:7)
  5 killer bees (D:7)
  7 wights
  3 howler monkeys
  4 centaur zombies
  10 orc priests
  2 hounds
  3 centaur skeletons
  2 jellies (D:6)
  5 iguanas
  9 orc wizards
  7 hell rats
  A hound skeleton (D:4)
  A howler monkey zombie (D:6)
  8 gnolls
  3 adders
  A howler monkey skeleton (D:7)
  3 river rats
  A shadow imp (D:7)
  A white imp (D:4)
  An ufetubus (D:7)
  2 worms (D:2)
  A dart slug (D:4)
  38 orcs
  2 bats
  6 endoplasms
  5 giant cockroaches
  4 goblins (D:1)
  4 hobgoblins
  2 jackals (D:2)
  2 quokkas
  9 ball pythons
  4 frilled lizards
  11 kobolds
  18 rats
  A fulminant prism (D:8)
424 creatures vanquished.

Vanquished Creatures (collateral kills)
  A necrophage (D:4)
  A kobold (D:4)
2 creatures vanquished.

Vanquished Creatures (others)
  A hell rat (Lair:6)
  A bush (Lair:4)
  222 fulminant prisms
  62 fungi
  90 plants
376 creatures vanquished.

Grand Total: 802 creatures vanquished

Notes
Turn   | Place    | Note
-------+----------+-------------------------------------------
     0 | D:1      | pkoi the Demigod Conjurer began the quest for the Orb.
     0 | D:1      | Reached XP level 1. HP: 14/14 MP: 5/5
   281 | D:1      | Reached skill level 4 in Conjurations
   383 | D:1      | Reached XP level 2. HP: 19/20 MP: 2/7
   596 | D:1      | Learned a level 2 spell: Searing Ray
  1770 | D:2      | Reached XP level 3. HP: 26/26 MP: 4/8
  2760 | D:3      | Found a transporter.
  2782 | D:3      | Noticed a small abomination
  2784 | D:3      | Noticed a small abomination
  2785 | D:3      | Noticed Iusername's ghost (amateur MiFi)
  2816 | D:3      | Found a transporter.
  2817 | D:3      | Noticed a small abomination
  2819 | D:3      | Found a one-way gate to the infinite horrors of the Abyss.
  3000 | D:3      | Reached skill level 5 in Conjurations
  3051 | D:3      | Found a glowing drain.
  3055 | Sewer    | Entered a sewer
  3061 | Sewer    | Reached XP level 4. HP: 32/33 MP: 2/9
  3693 | D:4      | Noticed a necrophage
  3700 | D:4      | Noticed a phantom
  3703 | D:4      | Killed a necrophage
  3704 | D:4      | Reached XP level 5. HP: 38/38 MP: 11/11
  3713 | D:4      | Reached skill level 6 in Conjurations
  3895 | D:4      | Reached XP level 6. HP: 37/45 MP: 6/13
  3947 | D:4      | Learned a level 4 spell: Iskenderun's Mystic Blast
  4609 | D:4      | Reached skill level 1 in Translocations
  4841 | D:4      | Reached XP level 7. HP: 39/50 MP: 6/15
  5332 | D:4      | Reached skill level 7 in Conjurations
  5951 | D:5      | Entered Level 5 of the Dungeon
  7279 | D:5      | HP: 2/50 [ogre/+0 giant spiked club (19)]
  7894 | D:5      | Reached skill level 8 in Conjurations
  7894 | D:5      | Reached XP level 8. HP: 52/58 MP: 10/17
  7931 | D:5      | Learned a level 4 spell: Fulminant Prism
  8035 | D:5      | Reached skill level 1 in Armour
  8454 | D:5      | Reached skill level 1 in Fighting
  9001 | D:6      | Reached skill level 1 in Hexes
  9354 | D:6      | Found a staircase to the Ecumenical Temple.
 11295 | D:7      | Reached XP level 9. HP: 43/67 MP: 6/19
 11579 | D:7      | Found Ulaleoko's Armour Emporium.
 12072 | D:7      | Reached skill level 1 in Evocations
 12282 | D:7      | Bought a +1 cloak of stealth for 181 gold pieces
 12656 | D:7      | Reached skill level 5 in Spellcasting
 12820 | D:7      | Found Lakaf's Distillery.
 12826 | D:7      | Bought a potion of heal wounds for 80 gold pieces
 12826 | D:7      | Bought a potion of mutation for 128 gold pieces
 13215 | D:7      | Reached skill level 9 in Conjurations
 13909 | D:8      | Noticed Pikel
 14129 | D:8      | Killed Pikel
 15465 | D:8      | Learned a level 5 spell: Lightning Bolt
 15605 | D:9      | Reached XP level 10. HP: 64/77 MP: 1/21
 15855 | D:9      | Reached skill level 1 in Air Magic
 16115 | D:9      | Noticed Grum
 16123 | D:9      | Killed Grum
 16229 | D:9      | Found a staircase to the Lair.
 16596 | D:9      | Noticed a cyclops
 16611 | D:9      | Killed a cyclops
 16951 | D:9      | Noticed Maurice
 16962 | D:9      | Killed Maurice
 16963 | D:9      | Reached skill level 10 in Conjurations
 17244 | Lair:1   | Entered Level 1 of the Lair of Beasts
 17378 | Lair:1   | Noticed a black mamba
 17381 | Lair:1   | Killed a black mamba
 17382 | Lair:1   | Noticed a black mamba
 17391 | Lair:1   | Killed a black mamba
 17759 | Lair:1   | Reached skill level 5 in Dodging
 18050 | Lair:1   | Noticed a five-headed hydra
 18061 | Lair:1   | Killed a five-headed hydra
 18166 | Lair:1   | Reached XP level 11. HP: 81/85 MP: 11/22
 19034 | Lair:1   | Noticed a five-headed hydra
 19048 | Lair:1   | Killed a five-headed hydra
 19049 | Lair:1   | Reached skill level 5 in Armour
 19823 | Lair:2   | Reached skill level 5 in Fighting
 19823 | Lair:2   | Reached skill level 5 in Hexes
 19824 | Lair:2   | Reached skill level 11 in Conjurations
 20699 | Lair:2   | Noticed a four-headed hydra
 21743 | Lair:2   | Killed a four-headed hydra
 23127 | Lair:3   | Noticed a seven-headed hydra
 23136 | Lair:3   | Killed a seven-headed hydra
 23827 | Lair:3   | Reached XP level 12. HP: 95/95 MP: 16/24
 24137 | Lair:3   | Reached skill level 5 in Air Magic
 25172 | Lair:3   | Learned a level 5 spell: Fireball
 25318 | Lair:3   | Found a hole to the Spider Nest.
 26130 | Lair:4   | Reached skill level 1 in Fire Magic
 26543 | Lair:4   | Noticed an eight-headed hydra
 27081 | Lair:4   | Killed an eight-headed hydra
 27082 | Lair:4   | Reached skill level 12 in Conjurations
 27492 | Lair:4   | Found a staircase to the Swamp.
 27898 | Lair:4   | Found a transporter.
 27900 | Lair:4   | Found a transporter.
 28608 | Lair:4   | Noticed KittyFluff's ghost (journeyman GrBe)
 28617 | Lair:5   | Noticed an acid blob
 28617 | Lair:5   | Noticed an azure jelly
 28617 | Lair:5   | Noticed an acid blob
 28617 | Lair:5   | Noticed an azure jelly
 28617 | Lair:5   | Noticed a quicksilver ooze
 28617 | Lair:5   | Noticed an azure jelly
 28617 | Lair:5   | Noticed an acid blob
 28617 | Lair:5   | Noticed KittyFluff's ghost (journeyman GrBe)
 28617 | Lair:5   | Noticed an azure jelly
 28617 | Lair:5   | Noticed an acid blob
 28617 | Lair:5   | Noticed an acid blob
 28617 | Lair:5   | Noticed an acid blob
 28617 | Lair:5   | Found a runed translucent gate.
 28617 | Lair:5   | Found a runed translucent gate.
 28617 | Lair:5   | Found a runed translucent gate.
 28830 | Lair:5   | Reached skill level 5 in Evocations
 29494 | Lair:5   | Noticed Josephine
 29503 | Lair:5   | Killed Josephine
 30070 | Lair:5   | Noticed a seven-headed hydra
 30078 | Lair:5   | Killed a seven-headed hydra
 30175 | Lair:5   | Found the +15 Maxwell's patent armour {-Cast -Tele rElec
                  | Will+ rCorr}
 30194 | Lair:5   | Reached XP level 13. HP: 102/102 MP: 10/28
 30558 | Lair:5   | Learned a level 6 spell: Starburst
 30719 | Lair:6   | Entered Level 6 of the Lair of Beasts
 30994 | Lair:6   | Found a staircase to the Slime Pits.
 31032 | Lair:6   | Found a runed translucent door.
 31033 | Lair:6   | Noticed Jipob's ghost (adept MiBe)
 31034 | Lair:6   | Identified the +2 trident "Riclown" {drain, rF+ rCorr}
 31194 | Lair:6   | Identified the +1 robe "Xoogem Lania" {rN+ Str-5 Int+5}
 31605 | Lair:6   | Found a runed translucent door.
 34204 | Lair:6   | Reached skill level 5 in Fire Magic
 36444 | D:10     | Entered Level 10 of the Dungeon
 37082 | D:10     | Reached skill level 13 in Conjurations
 38471 | D:11     | Noticed Harold
 39271 | D:11     | Noticed Sonja
 39306 | D:11     | Killed Harold
 39540 | D:11     | Killed Sonja
 39906 | D:11     | Found a staircase to the Orcish Mines.
 40944 | D:3      | Killed Iusername's ghost
 41555 | Swamp:1  | Entered Level 1 of the Swamp
 42031 | Swamp:1  | HP: 2/102 [six-headed hydra (14)]
 42031 | Swamp:1  | Slain by a six-headed hydra

Illustrated notes

Levels and vault maps discovered:
D:1:      mushboom_english_gardens, layout_rooms,
          chequers_ecumenical_altar_twisty
D:2:      layout_basic, minmay_hedge_maze, lemuel_another_geyser
D:3:      layout_basic, mainiacjoe_overflow_tiny_flanked, gup_sewer_entry_bowl,
          gammafunk_ghost_abyssal_escape, kennysheep_generic_room_15
D:4:      minmay_polygon_palace, layout_basic
D:5:      layout_gridville, palyth_temple_overflow_mages,
          minmay_overflow_temple_star_quad, kennysheep_generic_room_5
D:6:      layout_layer_cave, kennysheep_mini_moat, minmay_temple_entry_wispy,
          roderic_filled_cross
D:7:      layout_gridville, gammafunk_temple_overflow_claw, serial_shops, shop,
          nrook_loot_triangle, kennysheep_windowed_goal
D:8:      layout_cave_pods, uniq_pikel
D:9:      layout_roguey, lair_entry_dummy, kennysheep_boxes, uniq_grum,
          uniq_maurice
D:10:     layout_basic, kennysheep_generic_room_6
D:11:     layout_basic, david_orc_2, uniq_harold, uniq_sonja
Lair:1:   layout_concentric_octagons, infiniplex_staircase_pool,
          grunt_megastairs_3
Lair:2:   layout_cave_shapes
Lair:3:   layout_chaotic_city, hellmonk_spider_entry_life_and_decay
Lair:4:   layout_gridlike, skrybe_swamp_entry_bodies, gammafunk_ghost_hive
Lair:5:   layout_layer_cave, gammafunk_ghost_ooze, minivault_23,
          chequers_serial_rivers_micro_e, minmay_lindwurm_lava, uniq_josephine
Lair:6:   guppyfry_lair_end_dragon, layout_gridlike, wormcave,
          minmay_slime_entry_oklob_open, special_room
          [special_room_mythical_zoo], ebering_ghost_funeral_grove
Swamp:1:  nicolae_swamp_tree_isthmus, layout_basic_swamp,
          hangedman_swamp_ruin_wall, infiniplex_staircase_pool_2

Skill      XL: |  1  2  3  4  5  6  7  8  9 10 11 12 13 |
---------------+----------------------------------------+-----
Conjurations   | 4 5 6 8 9 10 11 12 13 | 13.0
Spellcasting   | 2 3 4 5 7 9 |  9.7
Translocations | 1 3 4 |  4.0
Dodging        | 2 3 4 5 6 |  6.4
Armour         | 2 3 4 6 |  6.2
Fighting       | 2 3 4 5 6 |  6.2
Hexes          | 1 3 4 5 6 |  6.0
Evocations     | 2 3 5 6 |  6.2
Stealth        | 2 3 |  3.0
Air Magic      | 2 4 6 |  6.0
Fire Magic     | 3 5 |  5.9

Action                   |  1- 3 |  4- 6 |  7- 9 | 10-12 | 13-15 || total
-------------------------+-------+-------+-------+-------+-------++-------
Melee: Short sword       |       |     9 |    54 |    99 |     5 ||   167
       Punch             |       |       |     3 |     2 |       ||     5
 Cast: Magic Dart        |    90 |    61 |   167 |    86 |    37 ||   441
       Searing Ray       |     1 |     2 |    24 |     1 |       ||    28
       Fulminant Prism   |       |       |    30 |   109 |    84 ||   223
       Iskenderun's Myst |       |       |    37 |   113 |   101 ||   251
       Fireball          |       |       |       |       |    54 ||    54
       Starburst         |       |       |       |       |     5 ||     5
Evoke: Wand              |       |       |       |     2 |       ||     2
  Use: Scroll            |     4 |     6 |     4 |     8 |     3 ||    25
       Potion            |       |       |     5 |       |       ||     5
 Stab: Sleeping          |       |       |     1 |     1 |       ||     2
       Paralysed         |       |       |       |     3 |       ||     3
Armor: Robe              |       |     5 |    26 |       |    22 ||    53
       Leather armour    |       |       |    16 |    90 |     1 ||   107
Dodge: Dodged            |     3 |    14 |   100 |   143 |    44 ||   304
